 Dungeon Crawl Stone Soup version 0.30.1-11-g7821555f0a (webtiles) character file.

Game seed: 4831604907842065473

38 Okkudo the Chopper (level 3, 0/33 HPs)
             Began as a Hill Orc Monk on Dec 3, 2023.
             Slain by a dart slug (2 damage)
             ... on level 2 of the Dungeon.
             The game lasted 00:02:39 (825 turns).

Okkudo the Chopper (Hill Orc Monk)                   Turns: 825, Time: 00:02:39

Health: 0/33       AC:  4    Str: 15    XL:     3   Next: 43%
Magic:  3/3        EV: 12    Int: 10    God:
Gold:   42         SH:  0    Dex: 13    Spells: 2/2 levels left

rFire   . . .        a - +0 hand axe
rCold   . . .        d - orb {light}
rNeg    . . .        k - +0 leather armour
rPois   .            g - +0 helmet
rElec   .            (no cloak)
rCorr   .            (no gloves)
SInv    .            (no boots)
Will    .....        (no amulet)
Stlth   +            (no ring)
HPRegen 0.25/turn    (no ring)
MPRegen 0.08/turn

%: no passive effects
@: glowing
A: no striking features
a: no special abilities


You were on level 2 of the Dungeon.
You visited 1 branch of the dungeon, and saw 2 of its levels.

You collected 42 gold pieces.

Inventory:

Hand Weapons
 a - a +0 hand axe (weapon)
Missiles
 i - 3 poisoned darts (quivered)
Armour
 d - an orb of light (worn)
 g - a +0 helmet (worn)
 k - a +0 leather armour (worn)
Scrolls
 e - 2 scrolls of blinking {unknown}
 f - 2 scrolls of magic mapping {unknown}
 h - 2 scrolls of teleportation {unknown}
 j - a scroll of identify {unknown}
Potions
 b - a potion of flight {unknown}
 c - a potion of ambrosia
 l - 2 potions of berserk rage {unknown}
 m - a potion of haste {unknown}
 n - a potion of mutation {unknown}


   Skills:
 + Level 4.2 Fighting
 + Level 4.6 Axes
 + Level 2.8 Dodging


You had 2 spell levels left.
You didn't know any spells.
Your spell library was empty.

Dungeon Overview and Level Annotations

Branches:
Dungeon (2/15)

Altars:
Gozag

Annotations:
D:2 Terence


Message History

Moving in this stuff is going to be slow.
Found an opulent altar of Gozag.
Terence the Incautious comes into view.
He is wielding a +2 heavy morningstar.
Terence closely misses you.
A dart slug comes into view.
Terence hits you with a +2 heavy morningstar.
Terence hits you with a +2 heavy morningstar!
You hit Terence but do no damage. You hit Terence but do no damage.
Terence misses you.
You hit Terence.
Terence is moderately wounded.
Terence misses you.
You hit Terence.
Terence is moderately wounded.
Terence closely misses you.
You hit Terence.
Terence is heavily wounded.
You hit Terence but do no damage.
Terence is heavily wounded.
Terence closely misses you. The dart slug launches a dart at you.
The slug dart hits you but does no damage.
You hit Terence.
Terence is severely wounded.
Terence barely misses you.
You hit Terence but do no damage.
Terence is severely wounded.
You hit Terence.
Terence is severely wounded.
Terence hits you with a +2 heavy morningstar!
* * * LOW HITPOINT WARNING * * *
You barely miss Terence.
Terence is severely wounded.
You hit the dart slug. The dart slug barely misses you.
Terence hits you with a +2 heavy morningstar!
* * * LOW HITPOINT WARNING * * *
You hit Terence but do no damage.
Terence is severely wounded.
You hit the dart slug. The dart slug bites you.
You die...

~~~.##.#
P...##.#
#.# #.#
#.# #.#
#.#
##.###
##..@.#
#..@w.#
#.....#
#.._..#
#.....#
#.....#
##..###
...#
.#..#


You could see Terence and a dart slug.

Vanquished Creatures
  An adder (D:2)
  A ball python (D:1)
  3 endoplasms (D:1)
  2 giant cockroaches (D:1)
  2 hobgoblins (D:1)
  5 kobolds (D:1)
  A quokka (D:1)
  3 bats (D:1)
  5 goblins (D:1)
  A rat (D:1)
24 creatures vanquished.

Notes
Turn   | Place    | Note
-------+----------+-------------------------------------------
     0 | D:1      | Okkudo the Hill Orc Monk began the quest for the Orb.
     0 | D:1      | Reached XP level 1. HP: 19/19 MP: 1/1
    51 | D:1      | Reached XP level 2. HP: 22/27 MP: 2/2
   459 | D:1      | Reached XP level 3. HP: 31/33 MP: 3/3
   806 | D:2      | Found an opulent altar of Gozag.
   809 | D:2      | Noticed Terence
   824 | D:2      | HP: 1/33 [Terence/+2 heavy morningstar (8)]
   825 | D:2      | Slain by a dart slug

Illustrated notes

Levels and vault maps discovered:
D:1:      lemuel_arrival_room, layout_basic
D:2:      layout_loops_ring, basic_altar, serial_bayou, serial_bayou_shore_a,
          serial_bayou_pond_c, serial_bayou_pond_c, serial_bayou_crossing,
          serial_bayou_pond_a, serial_bayou_pond_d, minmay_box_of_dots,
          uniq_terence

Skill      XL: |  1  2 |
---------------+-------+-----
Fighting       | 4 |  4.2
Axes           | |  4.6
Dodging        | |  2.8

Action                     || total
---------------------------++-------
  Melee: Hand axe          ||    78
 Armour: Robe              ||     5
         Leather armour    ||    12
  Dodge: Dodged            ||    47
